 Dungeon Crawl Stone Soup version 0.18-a0-1229-ge9a1a01 (webtiles) character file.

100 FrancescoMac the Caller (level 5, 0/54 HPs)
             Began as a Human Summoner on Feb 4, 2016.
             Succumbed to an adder's poison
             ... on level 2 of the Dungeon.
             The game lasted 00:30:47 (3562 turns).

FrancescoMac the Caller (Human Summoner)            Turns: 3562, Time: 00:30:48

Health: 0/54       AC: 28    Str:  9    XL:     5   Next: 3%
Magic:  2/9        EV:  2    Int: 16    God:
Gold:   192        SH:  0    Dex: 18    Spells: 3 memorised, 4 levels left

rFire  . . .     SeeInvis .     g - -3 dagger (curse)
rCold  . . .     Gourm    .     (armour currently unavailable)
rNeg   + + +     Faith    +     (no shield)
rPois  +         Spirit   .     (helmet currently unavailable)
rElec  .         Dismiss  .     (cloak currently unavailable)
rCorr  .         Reflect  .     (gloves currently unavailable)
SustAt .         Harm     .     (boots currently unavailable)
MR     .....     NoTele   +     f - amulet of faith
Stlth  ++++......               n - ring of wizardry
                                l - +6 ring of protection

@: agile, lethally poisoned (0 -> -3), tree-form, drained, not resistant to
hostile enchantments, stealthy
A: no striking features
a: no special abilities


You were on level 2 of the Dungeon.
You were not hungry.
You were a tree.
You visited 1 branch of the dungeon, and saw 3 of its levels.

You collected 192 gold pieces.

Inventory:

Hand Weapons
 g - a cursed -3 dagger (weapon)
 k - a +1 dagger of electrocution
 p - a +3 antimagic mace
Armour
 a - a +1 robe (melded)
 q - a +0 helmet
Jewellery
 e - an uncursed ring of flight
 f - an amulet of faith (around neck)
 l - a +6 ring of protection (left branch)
 n - a ring of wizardry (right branch)
 o - an uncursed ring of protection from cold {unknown}
Scrolls
 s - a scroll of identify
Potions
 i - 2 potions of flight {unknown}
Books
 b - a book of Callings

   Spells                             Type                      Level
   a - Summon Small Mammal            Summoning                    1
   b - Call Imp                       Summoning                    2
   c - Call Canine Familiar           Summoning                    3
   d - Summon Guardian Golem          Hexes/Summoning              3
   e - Summon Lightning Spire         Summoning/Air                4
   f - Summon Ice Beast               Ice/Summoning                4
Comestibles
 c - 3 bread rations
 d - 4 fruits
 j - a meat ration


   Skills:
 + Level 0.6(0.4) Fighting
 + Level 2.3(2.1) Dodging
 + Level 2.0(1.8) Stealth
 + Level 3.1(2.9) Spellcasting
 + Level 5.0(4.8) Summonings


You had 4 spell levels left.
You knew the following spells:

 Your Spells              Type           Power        Failure   Level  Hunger
a - Summon Small Mammal   Summ           ###.         1%          1    #......
b - Call Imp              Summ           ###.....     1%          2    ##.....
c - Call Canine Familiar  Summ           ###.....     4%          3    ###....


Dungeon Overview and Level Annotations

Branches:
Dungeon (3/15)

Altars:

Annotations:
D:3 FrancescoMac's ghost, amateur HOCK


Message History

* * * LOW HITPOINT WARNING * * *
You feel sick.
Your iron imp completely misses the adder.
The adder bites you.
* * * LOW HITPOINT WARNING * * *
You completely miss the adder.
The adder is heavily wounded.
The adder bites you but does no damage.
Your iron imp hits the adder!
The adder dies!
You have reached level 5!
* * * LOW HITPOINT WARNING * * *
You feel sick.
Things that are here:
a club; an adder corpse It was a potion of agility.
You feel agile all of a sudden.
Drink which item? (? for menu, Esc to quit)
It was a potion of lignification.
You turn into a tree.
Your +1 robe melds into your body.
Your roots penetrate the ground.
You die...

############
...........#
##########.# #.#
#.#
##########.########
...........)...5♣>#
#.########.#.######
#.# #.#.# #.# #.#.#
#.# #.#.# #.# #.#.#
..# #.#.# ..# #.#.#
..# ####.#.#


You could see a friendly iron imp.

Vanquished Creatures
  A giant cockroach (D:2)
  2 goblins (D:2)
  4 hobgoblins
  A ball python (D:1)
  2 bats
  A kobold (D:1)
11 creatures vanquished.

Vanquished Creatures (collateral kills)
  An orc wizard (D:2)
  Robin (D:2)
  3 adders
  An ooze (D:3)
  2 giant geckos (D:1)
  3 orcs (D:2)
  8 bats
  5 giant cockroaches
  19 goblins
  6 hobgoblins
  3 jackals (D:1)
  2 quokkas (D:2)
  2 giant newts
  12 kobolds
  6 rats
74 creatures vanquished.

Grand Total: 85 creatures vanquished

Notes
Turn   | Place    | Note
--------------------------------------------------------------
     0 | D:1      | FrancescoMac the Human Summoner began the quest for the Orb.
     0 | D:1      | Reached XP level 1. HP: 13/13 MP: 3/3
   446 | D:1      | Reached XP level 2. HP: 19/19 MP: 0/5
   470 | D:1      | Learned a level 2 spell: Call Imp
  1134 | D:1      | Reached XP level 3. HP: 16/24 MP: 3/6
  1142 | D:1      | Learned a level 3 spell: Call Canine Familiar
  1867 | D:2      | Noticed Robin
  1889 | D:2      | Killed Robin
  1889 | D:2      | Reached XP level 4. HP: 28/31 MP: 1/7
  3293 | D:3      | Reached skill level 5 in Summonings
  3388 | D:3      | Noticed FrancescoMac's ghost (amateur HOCK)
  3389 | D:3      | Paralysed by an orc for 3 turns
  3559 | D:2      | Reached XP level 5. HP: 2/36 MP: 2/9
  3560 | D:2      | HP: 1/36 [poisoned by an adder]
  3562 | D:2      | Succumbed to an adder's poison

Vault maps used:
D:1:      scummos_arrival_simple_crosswalls
D:2:      roderic_lattice_a, uniq_robin
D:3:      nicolae_gozag_seed_capital, kennysheep_okawaru_gauntlet

Action                   |  1- 3 |  4- 6 || total
-------------------------+-------+-------++-------
Melee: Unarmed           |    43 |     6 ||    49
       Dagger            |       |    25 ||    25
 Cast: Summon Small Mamm |    53 |       ||    53
       Call Imp          |    22 |    60 ||    82
       Call Canine Famil |     1 |       ||     1
  Use: Scroll            |       |     5 ||     5
       Potion            |       |     2 ||     2
  Eat: Chunk             |     5 |     5 ||    10
       Bread ration      |       |     1 ||     1
